Map: Prion Terraces

Players

Cladorhiza - Winner!

  • Race: Zerg Zerg
  • League: Master

Miszu

  • Race: Terran Terran
  • League: Master

VOD

Have the link to the VOD?

Description

Time

  • Played on: March 27, 2016, 3:49 p.m.
  • Length: 10:13
Show
View Real Time Build Order
Export as new Build Order

Cladorhiza Zerg - Winner!

Build Orders: Pool First 

Get SALT Encoding   

  12  0:02  Drone  
  13  0:12  Overlord  
  13  0:18  Drone  
  14  0:30  Drone x2  
  16  0:36  Drone  
  17  0:47  Spawning Pool  
  17  0:48  Drone  
  17  0:57  Drone  
  18  1:14  Hatchery  
  18  1:15  Extractor, Drone  
  17  1:19  Drone  
  18  1:28  Drone  
  19  1:34  Queen  
  19  1:39  Drone  
  22  1:49  Overlord  
  22  1:53  Roach Warren  
  21  2:03  Drone  
  22  2:10  Queen  
  24  2:17  Drone  
  25  2:29  Drone  
  26  2:30  Drone  
  27  2:40  Overlord  
  27  2:49  Drone x2  
  29  2:53  Roach x3  
  34  3:00  Roach x2  
  38  3:20  Overlord, Drone x2  
  38  3:21  Drone  
  38  3:25  Drone  
  42  3:30  Drone x2  
  42  3:31  Lair  
  42  3:32  Overlord  
  42  3:33  Overlord  
  44  3:38  Extractor x2, Drone x2  
  44  3:40  Drone  
  45  3:44  Drone  
  45  3:46  Drone  
  47  3:55  Drone  
  48  3:58  Drone x2  
  48  4:01  Extractor, Drone  
  48  4:02  Drone  
  51  4:03  Overlord  
  51  4:04  Drone x2  
  53  4:13  Ravager  
  53  4:14  Overlord  
  53  4:17  Drone  
  55  4:27  Drone  
  55  4:28  Overlord, Drone  
  55  4:29  Spire  
  56  4:31  Glial Reconstitution  
  56  4:34  Drone x2  
  58  4:43  Roach x4  
  66  5:18  Hatchery  
  65  5:23  Overlord x2  
  65  5:24  Overlord  
  65  5:25  Drone x6  
  71  5:41  Mutalisk  
  71  5:42  Mutalisk x5  
  83  5:43  Mutalisk  
  85  5:54  Drone  
  85  5:56  Drone x2  
  88  5:58  Drone x4  
  88  6:02  Evolution Chamber  
  91  6:05  Evolution Chamber  
  91  6:06  Drone  
  91  6:09  Drone  
  92  6:24  Overlord  
  92  6:25  Roach  
  94  6:26  Queen  
  94  6:29  Zerg Ground Armor Level 1  
  94  6:30  Zerg Missile Weapons Level 1  
  96  6:34  Roach x7  
  110  6:47  Roach x3  
  112  6:50  Extractor  
  112  6:51  Extractor  
  112  6:52  Roach x2  
  116  7:00  Hatchery  
  115  7:08  Roach x6  
  115  7:14  Roach x3  
  129  7:19  Overlord x2  
  129  7:27  Overlord  
  127  7:40  Roach x5  
  137  7:44  Roach x4  
  137  7:46  Overlord x3  
  137  7:48  Roach x3  
  151  7:53  Roach  
  153  8:05  Roach x3  
  159  8:06  Ravager x7  
  159  8:07  Roach  
  168  8:13  Roach x3  
  168  8:16  Roach x2  
  178  8:22  Roach x3  
  184  8:31  Overlord x2  
  184  8:41  Queen  
  174  8:53  Roach x17  
  200  9:07  Infestation Pit  
  200  9:09  Drone  
  181  9:29  Drone x6  
  181  9:30  Drone  
  184  9:31  Extractor  
  184  9:33  Extractor  
  182  9:39  Ravager x4  
  182  9:42  Drone  
  187  9:49  Overlord  
  187  9:50  Overlord  
Show
View Real Time Build Order
Export as new Build Order

Miszu Terran 

Build Orders: MMM Bio 

Get SALT Encoding   

  12  0:01  SCV  
  13  0:13  SCV  
  14  0:18  Supply Depot  
  14  0:25  SCV  
  15  0:40  SCV  
  15  0:41  Barracks  
  16  0:45  Refinery  
  16  0:52  SCV  
  17  1:00  Barracks  
  18  1:04  SCV  
  18  1:16  SCV  
  19  1:19  Barracks  
  19  1:30  Reaper  
  20  1:33  Refinery  
  20  1:41  Supply Depot  
  20  1:51  Reaper  
  21  1:55  Orbital Command  
  21  2:04  Reaper  
  22  2:11  Reaper  
  23  2:21  SCV  
  24  2:23  Supply Depot  
  24  2:24  Reaper  
  25  2:33  SCV  
  25  2:36  Reaper  
  27  2:45  SCV  
  28  2:57  Reaper  
  29  2:59  Reaper  
  29  3:03  SCV  
  31  3:06  Command Center  
  30  3:21  SCV  
  32  3:31  Barracks Reactor  
  32  3:32  Barracks Reactor, Barracks Tech Lab  
  31  3:34  SCV  
  31  3:43  Command Center  
  31  3:47  SCV  
  32  3:55  Stimpack  
  32  3:59  SCV  
  32  4:01  Marine  
  34  4:05  Barracks Tech Lab  
  34  4:11  SCV  
  34  4:14  Marine x2  
  37  4:18  Orbital Command  
  37  4:21  Marine  
  37  4:23  SCV  
  37  4:24  Combat Shields  
  39  4:31  Marine  
  39  4:35  SCV  
  41  4:41  Factory  
  41  4:42  Marine x2  
  41  4:44  SCV  
  44  4:47  SCV  
  45  4:54  Marine x2  
  45  4:56  SCV  
  45  4:57  Orbital Command  
  45  4:59  Marine, SCV  
  49  5:08  SCV  
  49  5:09  Marine  
  49  5:11  Marine, SCV  
  49  5:14  Marine  
  53  5:17  Marine  
  53  5:19  Engineering Bay x2, Refinery  
  53  5:21  Refinery  
  53  5:27  Marine  
  54  5:29  Marine, SCV  
  54  5:30  SCV x2  
  54  5:32  Marine  
  59  5:36  Marine  
  59  5:38  Starport, Factory Reactor  
  59  5:41  SCV  
  59  5:42  SCV  
  62  5:45  Marine  
  62  5:47  Marine, Terran Infantry Armor Level 1  
  62  5:48  Terran Infantry Weapons Level 1  
  64  5:56  Supply Depot, SCV  
  66  5:57  SCV  
  66  5:58  Supply Depot  
  66  6:01  Marine  
  66  6:02  Marine  
  68  6:05  Orbital Command  
  68  6:08  SCV  
  69  6:13  Barracks  
  69  6:14  Barracks  
  69  6:17  SCV  
  70  6:20  SCV  
  70  6:22  Supply Depot  
  70  6:25  Supply Depot  
  71  6:26  Marine x2  
  71  6:27  Factory Tech Lab  
  71  6:28  Medivac  
  71  6:29  Medivac  
  71  6:30  SCV  
  77  6:33  Missile Turret  
  77  6:37  Missile Turret  
  72  6:42  SCV x2  
  72  6:43  SCV  
  75  6:48  Missile Turret  
  75  6:53  Marine x2  
  77  6:54  SCV x2  
  77  6:55  SCV  
  77  6:56  Supply Depot  
  77  7:01  Medivac x2  
  77  7:06  SCV  
  76  7:08  SCV  
  76  7:09  SCV  
  76  7:15  Marine x2  
  79  7:18  SCV  
  83  7:24  Barracks Reactor, Armory  
  81  7:31  Supply Depot  
  81  7:32  Supply Depot  
  81  7:34  Siege Tank  
  81  7:35  Marine x2  
  84  7:40  Medivac  
  84  7:43  Marauder  
  84  7:44  Marauder, Concussive Shells  
  86  7:47  SCV x3  
  89  7:52  Barracks Tech Lab  
  89  7:53  Marine x2  
  88  7:59  SCV  
  88  8:05  Marine x3  
  92  8:06  Factory, Siege Tank  
  92  8:08  Supply Depot  
  92  8:09  Supply Depot  
  97  8:13  Terran Vehicle Weapons Level 1  
  72  8:27  Medivac x2  
  93  8:28  Marine x3, Marauder  
  93  8:31  Marauder  
  93  8:53  Marine, Marauder x2  
  95  8:57  Marine x3, Marauder  
  93  9:11  Marine  
  93  9:14  Marine x3  
  91  9:19  Marauder  
  91  9:24  Marine x2  
  83  9:25  Siege Tank  
  83  9:26  Factory Tech Lab  
  86  9:34  Marine x2, Marauder  
  86  9:35  Marauder  
  90  9:45  Supply Depot  
  90  9:46  Supply Depot  
Tags
 
Composition
MMM Bio
Matchup
TvZ
Opening
Pool First
Add a new tag
Caveats
  • Supply blocks, unpowered buildings, or Contaminate may cause inaccurate times.
  • Supply counts are checked every 10 seconds.